 Dungeon Crawl Stone Soup version 0.28.0 (webtiles) character file.

Game seed: 13070648335398924634

67 Dani the Magician (level 3, -2/20 HPs)
             Began as a Deep Elf Transmuter on Feb 7, 2022.
             Was a High Priest of Ignis.
             Killed from afar by a steam dragon (7 damage)
             ... with a ball of steam
             ... on level 3 of the Dungeon.
             The game lasted 00:05:54 (2890 turns).

Dani the Magician (Deep Elf Transmuter)             Turns: 2890, Time: 00:05:55

Health: -2/20      AC:  6    Str:  9    XL:     3   Next: 98%
Magic:  11/11      EV: 10    Int: 17    God:    Ignis [*****.]
Gold:   82         SH:  0    Dex: 15    Spells: 10/11 levels left

rFire   + . .      SeeInvis .   d - +2 war axe (distort)
rCold   . . .      Faith    .   (no shield)
rNeg    . . .      Spirit   .   k - +0 ring mail
rPois   .          Reflect  .   (no helmet)
rElec   .          Harm     .   (no cloak)
rCorr   .          Rampage  .   (no gloves)
Will    .....                   c - +0 pair of boots
Stlth   +.........              (no amulet)
HPRegen 0.06/turn               (no ring)
MPRegen 0.12/turn               (no ring)

@: mighty
A: no striking features
a: Renounce Religion, Fiery Armour, Foxfire Swarm, Rising Flame


You were on level 3 of the Dungeon.
You worshipped Ignis.
Ignis was extremely pleased with you.
You visited 1 branch of the dungeon, and saw 3 of its levels.

You collected 82 gold pieces.

Inventory:

Hand Weapons
 d - a +2 war axe of distortion (weapon)
   (You found it on level 1 of the Dungeon)
Missiles
 l - 4 poisoned darts
Armour
 a - a +0 robe
 c - a +0 pair of boots (worn)
   (You found it on level 1 of the Dungeon)
 k - a +0 ring mail (worn)
   (You found it on level 2 of the Dungeon)
Scrolls
 e - a scroll of fog {unknown}
 f - a scroll of noise {unknown}
 h - a scroll of teleportation {unknown}
Potions
 b - a potion of might
 g - 2 potions of ambrosia
 i - a potion of mutation {unknown}


   Skills:
 - Level 0.7 Fighting
 + Level 1.9 Axes
 - Level 2.4 Dodging
 - Level 2.4 Unarmed Combat
 + Level 4.7 Spellcasting
 - Level 2.1 Transmutations


You had 10 spell levels left.
You knew the following spells:

 Your Spells              Type           Power      Damage    Failure   Level
a - Beastly Appendage     Tmut           22%        N/A       17%         1

Your spell library contained the following spells:

 Spells                   Type           Power      Damage    Failure   Level
 Wereblood                Tmut           11%        N/A       26%         2
 Spider Form              Tmut/Pois      7%         N/A       61%         3
 Ice Form                 Ice/Tmut       7%         N/A       95%         4


Dungeon Overview and Level Annotations

Branches:
Dungeon (3/15)

Altars:
Ignis


Message History

The iguana hisses menacingly.
You see here a +0 hunting sling.
There is a stone staircase leading up here.
You climb upwards.
There is a stone staircase leading down here.
HP restored.
Done exploring.
There is an open door here.
There is a stone staircase leading down here.
You climb downwards.
There is a stone staircase leading up here.
Key pressed, stopping explore.
Key pressed, stopping explore.
Key pressed, stopping explore.
Key pressed, stopping explore.
Key pressed, stopping explore.
Done exploring.
There is a stone staircase leading down here.
You climb downwards.
The adder hisses angrily.
Found a stone staircase leading down.
There is a stone staircase leading up here.
The adder closely misses you.
You closely miss the adder. The adder bites you.
The adder bites you but does no damage.
You miss the adder. The adder bites you.
The adder bites you but does no damage.
You slash the adder!
You kill the adder!
No target in view!
No target in view!
No target in view!
HP restored.
A kobold comes into view.
It is wielding a +0 dagger and quivering poisoned darts.
The kobold shouts!
A kobold is nearby!
A kobold is nearby!
A kobold is nearby!
A kobold is nearby!
The kobold throws a poisoned dart.
The poisoned dart completely misses you.
You completely miss the kobold. The kobold hits you but does no damage.
You barely miss the kobold. You punch the kobold, but do no damage.
The kobold hits you but does no damage.
You hit the kobold but do no damage.
Space warps around the kobold.
You kill the kobold!
No target in view!
No target in view!
No target in view!
No target in view!
Things that are here:
a +0 dagger; 4 poisoned darts; a kobold corpse
l - 4 poisoned darts You open the door.
There is an open door here.
Found a leather armour.
Key pressed, stopping explore.
Key pressed, stopping explore.
You open the door.
A steam dragon comes into view.
The steam dragon hisses angrily.
The steam dragon breathes steam at you. The ball of steam hits you. You resist.
The steam dragon moves out of view.
You start resting.
A quokka comes into view.
The steam dragon breathes steam at you. The ball of steam hits you. You resist.
You closely miss the steam dragon. The steam dragon bites you.
* * * LOW HITPOINT WARNING * * *
The steam dragon claws you.
* * * LOW HITPOINT WARNING * * *
The steam dragon completely misses you. The steam dragon closely misses you.
You hit the steam dragon.
The steam dragon is lightly wounded.
The steam dragon bites you.
* * * LOW HITPOINT WARNING * * *
The steam dragon completely misses you. The steam dragon breathes steam at you.
The ball of steam hits you. You resist.
* * * LOW HITPOINT WARNING * * *
It was a potion of ambrosia.
You are confused.
You feel invigorated. The steam dragon bites you.
* * * LOW HITPOINT WARNING * * *
The steam dragon claws you.
* * * LOW HITPOINT WARNING * * *
It was a potion of might.
You feel very mighty all of a sudden. The steam dragon breathes steam at you.
The ball of steam hits you. You resist.
* * * LOW HITPOINT WARNING * * *
It was a potion of curing.
You feel better.
You feel less invigorated. The steam dragon bites you!
* * * LOW HITPOINT WARNING * * *
The steam dragon claws you.
* * * LOW HITPOINT WARNING * * *
Okay, then.
The steam dragon breathes steam at you. The ball of steam hits you! You resist.
You die...

########## #........#
#.######.#
########.######.####
........§...[......#
.#
########.######.##.#
.# #§# #....##)## .#
#####§###....##..###.#
+....§@.+....'....>#.#
#####D###....#.#...#.#
..........#.##..#†#
........###.#.##....#
..........#
#.#.###..##.
..........#
#.#....<....
..........#
#.#####.....
..........# #.. ......
##.....


You could see a steam dragon (catching breath).

Vanquished Creatures
  3 adders
  A dart slug (D:1)
  3 endoplasms
  A giant cockroach (D:1)
  4 hobgoblins
  A quokka (D:2)
  6 ball pythons
  3 bats
  3 frilled lizards
  5 goblins
  2 kobolds
  2 rats
34 creatures vanquished.

Vanquished Creatures (others)
  3 plants (D:2)
3 creatures vanquished.

Grand Total: 37 creatures vanquished

Notes
Turn   | Place    | Note
-------+----------+-------------------------------------------
     0 | D:1      | Dani the Deep Elf Transmuter began the quest for the Orb.
     0 | D:1      | Reached XP level 1. HP: 11/11 MP: 6/6
   565 | D:1      | Found a faded altar of an unknown god.
   571 | D:1      | Reached XP level 2. HP: 16/16 MP: 8/8
   703 | D:1      | Prayed at the altar of an unknown god.
   703 | D:1      | Became a worshipper of Ignis, the Dying Flame
   975 | D:1      | Reached skill level 1 in Axes
  1063 | D:2      | Reached skill level 4 in Spellcasting
  1150 | D:2      | Reached XP level 3. HP: 12/20 MP: 10/10
  2421 | D:2      | HP: 3/20 [iguana (7)]
  2879 | D:3      | Noticed a steam dragon
  2886 | D:3      | HP: 5/20 [steam dragon/ball of steam (3)]
  2887 | D:3      | HP: 2/20 [steam dragon (5)]
  2890 | D:3      | Killed from afar by a steam dragon

Illustrated notes

Levels and vault maps discovered:
D:1:      zelgadis_glass_arrival_small, layout_basic,
          nicolae_ecumenical_snake_handling, nrook_mini_backslash, st_stairs_14,
          minmay_misc_feat_iff
D:2:      layout_loops_ring, serial_forest, infiniplex_forest_lined_ring,
          infiniplex_forest_end_2, infiniplex_forest_corner_1,
          infiniplex_forest_clump_double, infiniplex_forest_end_2,
          infiniplex_forest_lined_4_way, infiniplex_forest_corner_1,
          infiniplex_forest_clump_cross, infiniplex_forest_lined_ring,
          infiniplex_forest_straight_1, hangedman_decor_clover_reticule,
          minmay_tetromino_s4
D:3:      layout_basic, nicolae_figureground_pulse, uniq_natasha

Skill      XL: |  1  2 |
---------------+-------+-----
Axes           | 1 |  1.9
Spellcasting   | 4 |  4.7
Fighting       | |  0.7
Dodging        | |  2.4
Unarmed Combat | |  2.4
Transmutations | |  2.1

Action                   || total
-------------------------++-------
Melee: War axe           ||    83
       Unarmed           ||     1
       Headbutt          ||     1
       Punch             ||     2
 Cast: Beastly Appendage ||     1
  Use: Potion            ||     3
 Stab: Sleeping          ||     3
       Distracted        ||     1
Armor: Robe              ||    10
       Ring mail         ||     4
Dodge: Dodged            ||    56

Table legend: (Time is in decaauts)
 A = Elapsed time spent in this place.
 B = Non-inter-level travel time spent in this place.
 C = Inter-level travel time spent in this place.
 D = Time resting spent in this place.
 E = Time spent auto-exploring this place.
 F = Levels seen in this place.
 G = Mean time per level.
                   A        B        C        D        E       F      G
               +--------+--------+--------+--------+--------+-----+--------+
         Total |   2926 |   2862 |     64 |    121 |   2382 |   3 |  975.3 |
       Dungeon |   2926 |   2862 |     64 |    121 |   2382 |   3 |  975.3 |
               +--------+--------+--------+--------+--------+-----+--------+

Top non-repeatable levels by time:
     D:2: 1582 daAuts
     D:1: 1263 daAuts
     D:3: 80 daAuts

Table legend:
 A = Kills in this place as a percentage of kills in entire the game.
 B = Kills by you in this place as a percentage of kills by you in the entire game.
 C = Kills by friends in this place as a percentage of kills by friends in the entire game.
 D = Other kills in this place as a percentage of other kills in the entire game.
 E = Experience gained in this place as a percentage of experience gained in the entire game.
 F = Experience gained in this place divided by the number of levels of this place that you have seen.
                   A       B       C       D       E      F
               +-------+-------+-------+-------+-------+----------------------
         Total | 100.0 | 100.0 |   N/A | 100.0 | 100.0 |  32.0
       Dungeon | 100.0 | 100.0 |   N/A | 100.0 | 100.0 |  32.0
               +-------+-------+-------+-------+-------+----------------------
